 Dungeon Crawl Stone Soup version 0.31-a0-799-g6bc09d010c (webtiles) character file.

Game seed: 7004416103722076448

25 cforsyth the Sneak (level 3, -2/30 HPs)
             Began as a Djinni Delver on Sept 20, 2023.
             Was an Initiate of Hepliaklqana.
             Slain by a hobgoblin
             ... wielding a +0 dagger
              (3 damage)
             ... on level 3 of the Dungeon.
             The game lasted 00:01:14 (715 turns).

cforsyth the Sneak (Djinni Delver)                   Turns: 715, Time: 00:01:14

Health: -2/30      AC:  3    Str: 11    XL:     3   Next: 20%
Gold:   18         EV: 12    Int: 13    God:    Hepliaklqana [......] SH:  0 Dex: 14

rFire   + + .        a - +0 falchion
rCold   x . .        (no shield)
rNeg    . . .        b - +0 leather armour
rPois   ∞            (no helmet)
rElec   .            (no cloak)
rCorr   .            (no gloves)
SInv    .            (boots unavailable)
Will    .....        (no amulet)
Stlth   ++           (no ring)
HPRegen 0.25/turn    (no ring)
MPRegen 0.00/turn

%: infuse magic (-3 HP)
@: flying, hasted, very quick
A: sickness immunity, fire resistance 2, cold vulnerability 1, float, innate
caster, HP casting, extra vitality 1
a: Renounce Religion


You were on level 3 of the Dungeon.
You worshipped Hepliaklqana.
Hepliaklqana was noncommittal.
You visited 2 branches of the dungeon, and saw 4 of its levels.

You collected 18 gold pieces.

Inventory:

Hand Weapons
 a - a +0 falchion (weapon)
Armour
 b - a +0 leather armour (worn)
Wands
 g - a wand of digging (3)
Scrolls
 c - a scroll of fog
 d - a scroll of revelation
 h - a scroll of enchant weapon {unknown}
 i - a scroll of silence {unknown}
 j - a scroll of enchant armour {unknown}


   Skills:
 + Level 3.6 Fighting
 - Level 1.7 Long Blades
 - Level 2.1 Dodging
 - Level 4.1 Stealth
 + Level 1.2 Spellcasting
 + Level 1.2 Conjurations
 + Level 1.2 Hexes
   Level 0.0 Charms
 + Level 1.2 Summonings
 + Level 1.2 Necromancy
 + Level 1.2 Translocations
 + Level 1.2 Transmutations
 + Level 1.2 Fire Magic
 + Level 1.2 Ice Magic
 + Level 1.2 Air Magic
 + Level 1.2 Earth Magic
 + Level 1.2 Poison Magic


You knew the following spells:

 Your Spells              Type           Power      Damage    Failure   Level
a - Magic Dart            Conj           12%        1d3       22%         1
Your spell library was empty.

Dungeon Overview and Level Annotations

Branches:
Dungeon (5/15)             Temple (1/1) D:5

Altars:
Cheibriados
Elyvilon
Gozag
Hepliaklqana
Makhleb
Nemelex Xobeh
Okawaru
Qazlal
Ru
Trog
Xom
Yredelemnul
Zin
The Shining One


Innate Abilities, Weirdness & Mutations

You are immune to sickness and miasma.
You are immune to poison.
Your flesh is very heat resistant. (rF++)
You are vulnerable to cold. (rC-)
You float through the air rather than walking.
You learn spells naturally, not from books.
Your magical power is your life essence.
You have superior vitality. (+4 MHP)


Message History

The orc hits you with a +0 dagger. The orc hits you with a +0 short sword.
The orc closely misses you. The orc hits you with a +0 dagger.
The orc attacks as it pursues you! The orc closely misses you.
You hit the orc.
You kill the orc!
You barely miss the orc. The orc misses you.
You hit the orc but do no damage. The orc closely misses you.
You closely miss the orc. The orc hits you with a +0 short sword.
You hit the orc.
The orc is heavily wounded.
The orc hits you with a +0 short sword.
You hit the orc.
The orc is almost dead.
The orc hits you with a +0 short sword.
* * * LOW HITPOINT WARNING * * *
As you read the scroll of fear, it crumbles to dust.
You assume a fearsome visage.
The orc looks frightened! x3
There is an open door here.
You reach down and close the door.
A hobgoblin comes into view. It is wielding a +0 dagger.
The hobgoblin shouts!
You hit the hobgoblin.
The hobgoblin is moderately wounded.
The hobgoblin hits you with a +0 dagger.
* * * LOW HITPOINT WARNING * * *
You hit the hobgoblin but do no damage.
The hobgoblin is moderately wounded.
The hobgoblin hits you with a +0 dagger.
* * * LOW HITPOINT WARNING * * *
You barely miss the hobgoblin.
The hobgoblin is moderately wounded.
The hobgoblin hits you but does no damage.
The hobgoblin hits you with a +0 dagger.
* * * LOW HITPOINT WARNING * * *
Okay, then.
Okay, then.
Okay, then.
You feel yourself speed up.
The hobgoblin hits you with a +0 dagger.
You die...

##########.##.# #.
#... #.............#
###.####.#
#.########.####
#.....##.#
#.#....###.#
#.........
#.#....+.#.#
#..≈≈≈≈≈≈≈
#.#....#.#.#
#..≈......
#.#....#.#.#
#..≈.#####
#.#....#.#g#
#..≈.....#
#.#.####.#@#
#..≈.#._.# #.#.#
#.#.### ##.≈.#....
#.#.####.....#
####.≈.#####
#.#........#.#
#.>..≈......
#.###...####.#
#.#..≈≈≈≈≈≈≈
#...'...#
#.###.#÷........
#####...#
#....%..#.#.####
#...########.###.#.#
#
#..............#.#.#
#


You could see a hobgoblin.

Vanquished Creatures
  An adder (D:4)
  A worm (D:3)
  An orc (D:3)
  An endoplasm (D:3)
  A giant cockroach (D:3)
  A goblin (D:4)
  A hobgoblin (D:4)
  2 quokkas
  A frilled lizard (D:3)
  A kobold (D:3)
  2 rats (D:3)
13 creatures vanquished.

Notes
Turn   | Place    | Note
-------+----------+-------------------------------------------
     0 | D:5      | cforsyth the Djinni Delver began the quest for the Orb.
     0 | D:5      | Reached XP level 1. HP: 20/20 MP: 0/0
     6 | D:5      | Noticed a scorpion
     6 | D:5      | Noticed a scorpion
    16 | D:5      | Found a staircase to the Ecumenical Temple.
    23 | Temple   | Entered the Ecumenical Temple
    30 | Temple   | Became a worshipper of Hepliaklqana the Forgotten
    81 | D:4      | Reached XP level 2. HP: 20/25 MP: 0/0
   241 | D:3      | Found a glowing golden altar of the Shining One.
   263 | D:3      | Reached skill level 1 in Spellcasting
   263 | D:3      | Reached skill level 1 in Conjurations
   263 | D:3      | Reached skill level 1 in Hexes
   263 | D:3      | Reached skill level 1 in Summonings
   263 | D:3      | Reached skill level 1 in Necromancy
   263 | D:3      | Reached skill level 1 in Translocations
   263 | D:3      | Reached skill level 1 in Transmutations
   263 | D:3      | Reached skill level 1 in Fire Magic
   263 | D:3      | Reached skill level 1 in Ice Magic
   263 | D:3      | Reached skill level 1 in Air Magic
   263 | D:3      | Reached skill level 1 in Earth Magic
   263 | D:3      | Reached skill level 1 in Poison Magic
   589 | D:3      | Reached XP level 3. HP: 10/30 MP: 0/0
   589 | D:3      | Learned a level 1 spell: Magic Dart
   714 | D:3      | HP: 1/30 [hobgoblin/+0 dagger (4)]
   715 | D:3      | Slain by a hobgoblin

Illustrated notes

Levels and vault maps discovered:
D:3:      layout_basic, mainiacjoe_overflow_brackets, basic_ecumenical_altar
D:4:      layout_cave_pools, biasface_ghost_orc_armoury
D:5:      layout_loops_ring, lemuel_tele_altar, mainiacjoe_overflow_alcove_3,
          minmay_temple_entry_arrows, pf_guarded_unrand_meek
Temple:   eino_wide_crystal_templ

Skill      XL: |  1  2 |
---------------+-------+-----
Spellcasting   | 1 |  1.2
Conjurations   | 1 |  1.2
Hexes          | 1 |  1.2
Summonings     | 1 |  1.2
Necromancy     | 1 |  1.2
Translocations | 1 |  1.2
Transmutations | 1 |  1.2
Fire Magic     | 1 |  1.2
Ice Magic      | 1 |  1.2
Air Magic      | 1 |  1.2
Earth Magic    | 1 |  1.2
Poison Magic   | 1 |  1.2
Fighting       | |  3.6
Long Blades    | |  1.7
Dodging        | |  2.1
Stealth        | |  4.1

Action                     || total
---------------------------++-------
  Melee: Falchion          ||    84
         Punch             ||     1
    Use: Scroll            ||     1
         Potion            ||     1
   Stab: Sleeping          ||     3
         Distracted        ||     1
 Armour: Leather armour    ||    53
  Dodge: Dodged            ||    57

Table legend: (Time is in decaauts)
 A = Elapsed time spent in this place.
 B = Non-inter-level travel time spent in this place.
 C = Inter-level travel time spent in this place.
 D = Time resting spent in this place.
 E = Time spent auto-exploring this place.
 F = Levels seen in this place.
 G = Mean time per level.
                   A        B        C        D        E       F      G
               +--------+--------+--------+--------+--------+-----+--------+
         Total |    733 |    725 |      8 |    178 |    300 |   4 |  183.2 |
       Dungeon |    718 |    717 |      1 |    178 |    300 |   3 |  239.3 |
        Temple |     14 |      7 |      7 |      0 |      0 |   1 |   14.0 |
               +--------+--------+--------+--------+--------+-----+--------+

Top non-repeatable levels by time:
     D:3: 508 daAuts
     D:4: 171 daAuts
     D:5: 38 daAuts
  Temple: 14 daAuts
